Map: Ley Lines

Players

okrim

  • Race: Protoss Protoss
  • Spawn Location: 7:00

ManlyManMeat - Winner!

  • Race: Terran Terran
  • League: Master
  • Spawn Location: 1:00

VOD

Have the link to the VOD?

Description

Time

  • Played on: Sept. 20, 2025, 2:07 p.m.
  • Length: 23:14
Show
View Real Time Build Order
Export as new Build Order

okrim Protoss 

Build Orders:  

Get SALT Encoding   

  12  0:01  Probe  
  13  0:22  Pylon  
  13  0:29  Pylon  
  13  0:31  Probe  
  14  0:43  Probe  
  15  0:51  Gateway  
  15  1:00  Forge  
  15  1:03  Probe  
  16  1:11  Assimilator  
  16  1:15  Probe  
  17  1:19  Assimilator  
  17  1:40  Photon Cannon  
  17  1:43  Photon Cannon  
  17  1:56  Cybernetics Core  
  17  2:04  Probe  
  18  2:16  Probe  
  19  2:28  Probe  
  20  2:35  Pylon  
  20  2:39  Stalker  
  21  3:06  Stalker  
  23  3:47  Probe  
  24  3:59  Probe  
  24  4:01  Photon Cannon  
  25  4:11  Probe  
  26  4:18  Nexus  
  26  4:23  Probe, Stalker  
  29  4:38  Photon Cannon  
  29  4:48  Protoss Ground Weapons Level 1  
  29  5:01  Pylon  
  29  5:04  Stalker  
  31  5:24  Robotics Facility  
  31  5:31  Shield Battery  
  31  5:32  Probe  
  32  5:44  Probe  
  32  5:47  Photon Cannon  
  33  5:55  Stalker  
  33  5:56  Probe  
  36  6:09  Probe  
  37  6:13  Stargate  
  37  6:21  Probe  
  38  6:33  Probe  
  38  6:35  Pylon  
  38  6:39  Protoss Air Weapons Level 1  
  39  6:49  Protoss Ground Armor Level 1  
  39  6:53  Stargate  
  39  7:07  Fleet Beacon  
  39  7:11  Twilight Council  
  39  7:18  Probe  
  39  7:21  Stalker  
  42  7:30  Probe  
  43  7:43  Probe  
  44  7:44  Assimilator  
  44  7:48  Assimilator, Stalker  
  44  7:51  Probe  
  47  7:59  Probe  
  48  8:09  Probe  
  49  8:15  Stalker  
  51  8:21  Probe  
  52  8:30  Tempest  
  56  8:42  Stalker  
  56  8:45  Probe  
  59  8:51  Protoss Shields Level 1  
  59  8:57  Probe  
  60  9:08  Probe  
  61  9:16  Probe  
  61  9:20  Protoss Air Weapons Level 2  
  62  9:28  Tempest  
  66  9:32  Observer  
  67  9:52  Unknown  
  67  10:52  Protoss Ground Weapons Level 2  
  67  10:54  Pylon  
  67  10:58  Pylon  
  67  11:04  Pylon  
  67  11:12  Tempest x2  
  67  11:15  Nexus  
  75  11:32  Pylon  
  75  11:35  Pylon  
  75  11:39  Pylon  
  75  11:51  Shield Battery, Protoss Air Armor Level 1  
  75  11:54  Tempest  
  74  12:49  Tempest  
  78  12:53  Tempest  
  82  13:05  Pylon  
  76  13:17  Protoss Ground Armor Level 2  
  76  13:32  Tempest  
  80  13:36  Tempest  
  68  14:06  Protoss Air Weapons Level 3  
  68  14:15  Tempest  
  68  14:16  Pylon  
  72  14:19  Tempest  
  72  14:23  Shield Battery  
  76  14:27  Photon Cannon  
  76  14:35  Photon Cannon  
  76  14:38  Photon Cannon  
  76  14:42  Photon Cannon  
  76  14:46  Photon Cannon  
  76  14:58  Tempest  
  80  15:02  Tempest  
  76  15:41  Tempest  
  76  15:42  Protoss Shields Level 2  
  53  16:35  Stargate  
  53  16:49  Tempest  
  57  17:01  Protoss Air Armor Level 2  
  57  17:18  Photon Cannon  
  57  17:22  Photon Cannon  
  57  17:25  Photon Cannon  
  57  17:28  Photon Cannon  
  57  17:32  Tempest  
  57  17:33  Photon Cannon  
  61  17:40  Photon Cannon  
  61  17:43  Photon Cannon, Tempest  
  65  17:51  Photon Cannon  
  65  18:15  Tempest  
  69  18:26  Tempest  
  67  19:09  Tempest  
  58  19:52  Tempest  
  48  20:35  Tempest  
  52  20:36  Tempest  
  56  21:17  Tempest  
  60  21:19  Tempest  
  64  21:48  Photon Cannon  
  64  21:50  Photon Cannon  
  64  21:53  Photon Cannon  
  64  22:00  Tempest  
  68  22:02  Tempest  
  60  22:41  Photon Cannon  
  64  22:45  Photon Cannon  
  64  22:50  Photon Cannon  
  68  22:53  Photon Cannon  
Show
View Real Time Build Order
Export as new Build Order

ManlyManMeat Terran - Winner!

Build Orders: Gas First Reaper Expand 

Get SALT Encoding   

  12  0:01  SCV  
  13  0:13  SCV  
  14  0:17  Supply Depot  
  14  0:25  SCV  
  15  0:29  Refinery  
  15  0:43  Barracks  
  15  0:45  SCV  
  16  0:59  SCV  
  17  1:11  SCV  
  18  1:23  SCV  
  19  1:30  Command Center  
  19  1:34  Reaper  
  20  1:45  Orbital Command  
  20  2:00  Supply Depot  
  20  2:05  Marine  
  20  2:31  SCV  
  21  2:38  Command Center  
  21  2:43  SCV  
  22  2:53  SCV  
  22  2:55  SCV  
  24  3:05  SCV  
  25  3:13  SCV  
  25  3:17  SCV  
  27  3:36  Orbital Command  
  27  3:37  SCV  
  28  3:42  Factory  
  28  3:44  Barracks  
  28  3:46  Barracks Reactor  
  28  3:47  Barracks  
  28  3:49  SCV  
  30  3:59  Orbital Command  
  30  4:01  SCV  
  30  4:04  SCV  
  31  4:13  SCV  
  31  4:16  SCV, Refinery x2  
  33  4:18  Refinery  
  33  4:25  SCV  
  33  4:28  SCV  
  35  4:32  SCV  
  35  4:37  SCV  
  37  4:40  SCV  
  37  4:43  Supply Depot  
  37  4:44  SCV, Supply Depot  
  39  4:46  Supply Depot  
  39  4:47  Marine x2  
  39  4:49  SCV, Factory Tech Lab  
  39  4:52  SCV  
  43  4:53  Command Center  
  43  4:54  Barracks Tech Lab  
  43  4:55  Barracks Reactor  
  43  4:56  SCV  
  43  4:57  Starport  
  44  5:01  SCV  
  44  5:02  Armory  
  44  5:06  SCV  
  46  5:08  SCV  
  46  5:14  SCV  
  48  5:16  Marine x2  
  48  5:18  SCV, Siege Tank  
  48  5:20  SCV  
  57  5:21  Marauder  
  57  5:26  SCV, Starport  
  58  5:37  Starport  
  58  5:50  Armory  
  58  5:53  Refinery  
  58  5:54  Refinery  
  58  5:57  SCV x2  
  58  5:58  Fusion Core, SCV  
  61  6:05  Marine x4  
  61  6:09  SCV  
  61  6:10  Thor, SCV x2  
  75  6:21  SCV  
  75  6:22  Marine  
  75  6:25  Starport Tech Lab  
  76  6:26  Starport Tech Lab  
  76  6:30  Refinery  
  76  6:37  SCV x4  
  80  6:48  Marine x3  
  80  6:49  Marine x2, SCV, Refinery  
  86  6:57  Engineering Bay  
  86  6:59  Supply Depot x2  
  86  7:00  SCV x2  
  86  7:01  SCV, Supply Depot  
  90  7:03  Orbital Command  
  90  7:06  Marine x2  
  91  7:11  Marine x3  
  91  7:12  SCV x2  
  91  7:13  SCV  
  97  7:16  Raven  
  97  7:19  Weapon Refit  
  97  7:22  Battlecruiser  
  105  7:24  Neosteel Armor  
  105  7:26  Terran Ship Weapons Level 1  
  105  7:30  Supply Depot  
  105  7:37  Supply Depot  
  105  7:38  SCV x4, Supply Depot  
  109  7:45  Missile Turret  
  109  7:47  Missile Turret  
  109  7:48  Missile Turret  
  109  7:50  Missile Turret, SCV x3  
  112  7:52  Marine x2  
  114  8:05  Marine x2  
  116  8:11  Terran Vehicle And Ship Armor Level 1  
  116  8:13  Supply Depot  
  116  8:18  SCV x3  
  116  8:19  SCV  
  120  8:27  Marine x4  
  120  8:28  Marine  
  120  8:30  Battlecruiser, SCV x2  
  120  8:31  SCV  
  120  8:32  Battlecruiser  
  120  8:33  Battlecruiser  
  145  8:45  Marine  
  145  8:46  Supply Depot x2  
  145  8:47  Supply Depot  
  145  8:48  SCV x4  
  148  8:51  Supply Depot  
  150  8:59  Advanced Ballistics  
  150  9:06  SCV x2  
  150  9:07  SCV x2  
  154  9:10  Command Center  
  154  9:11  Supply Depot  
  154  9:12  Supply Depot  
  154  9:18  SCV  
  154  9:22  Command Center  
  155  9:35  Supply Depot x2  
  155  9:36  Battlecruiser  
  155  9:37  Battlecruiser  
  167  9:43  Marine x5  
  167  9:45  Battlecruiser  
  178  9:47  Thor  
  184  9:53  Hi-Sec Auto Tracking  
  184  9:55  Terran Ship Weapons Level 2  
  183  10:01  Supply Depot  
  183  10:11  SCV x3  
  183  10:12  SCV  
  186  10:23  SCV x3  
  186  10:24  SCV  
  190  10:40  Battlecruiser  
  190  10:41  Terran Vehicle And Ship Armor Level 2  
  196  10:47  Marine x3  
  196  10:48  Marine, Command Center  
  200  10:50  Missile Turret  
  200  10:51  Missile Turret  
  200  10:54  Missile Turret  
  200  10:55  Command Center  
  200  10:57  Missile Turret  
  200  10:58  Missile Turret  
  200  10:59  Missile Turret  
  200  11:01  Missile Turret  
  200  11:02  Command Center  
  200  11:04  Planetary Fortress  
  200  11:08  Planetary Fortress  
  200  11:36  Command Center  
  200  11:38  Command Center  
  200  11:41  Command Center  
  200  11:43  Terran Infantry Weapons Level 1  
  200  11:45  Cloaking Field  
  200  11:48  Smart Servos  
  200  12:24  Command Center  
  200  12:29  Command Center  
  200  12:30  Command Center  
  200  12:47  Terran Ship Weapons Level 3  
  200  12:54  Engineering Bay  
  200  12:57  Command Center  
  200  13:04  Command Center  
  200  13:05  Command Center  
  200  13:06  Command Center  
  194  13:23  Missile Turret  
  194  13:25  Missile Turret  
  194  13:26  Missile Turret  
  188  13:43  Missile Turret  
  188  13:45  Missile Turret  
  182  13:50  Battlecruiser x3  
  182  13:53  Planetary Fortress x2  
  198  14:04  Missile Turret  
  198  14:06  Missile Turret  
  198  14:07  Missile Turret  
  198  14:11  Command Center  
  198  14:13  Command Center  
  198  14:17  Command Center  
  198  14:29  Sensor Tower  
  198  14:30  Sensor Tower  
  198  14:31  Orbital Command x2  
  198  14:39  Missile Turret  
  198  14:40  Sensor Tower  
  197  15:03  Command Center  
  197  15:04  Command Center  
  195  15:11  Command Center  
  130  16:05  Planetary Fortress  
  130  16:06  Planetary Fortress  
  130  16:08  Missile Turret  
  130  16:10  Missile Turret  
  130  16:12  Missile Turret x2  
  130  16:13  Missile Turret  
  130  16:20  Missile Turret  
  130  16:24  Missile Turret x2  
  130  16:26  Missile Turret  
  130  16:27  Missile Turret  
  130  16:28  Factory  
  130  16:32  Missile Turret  
  130  16:36  Orbital Command  
  130  16:37  Factory  
  130  16:39  Planetary Fortress  
  130  16:42  Orbital Command  
  130  16:51  Missile Turret  
  130  16:52  Missile Turret x2  
  130  16:53  Missile Turret  
  130  16:59  Missile Turret  
  130  17:02  Battlecruiser x3  
  130  17:05  Thor  
  154  17:13  Factory  
  154  17:18  Planetary Fortress  
  154  17:25  Factory  
  154  17:30  Factory Tech Lab x2  
  154  17:46  Unknown  
  154  17:50  Refinery x2  
  154  18:00  Factory  
  152  18:06  Battlecruiser x2  
  163  18:26  Thor x2  
  175  18:28  Factory Tech Lab  
  175  18:29  Factory Tech Lab  
  175  18:30  Infernal Pre-Igniter  
  175  18:31  Drilling Claws  
  169  18:43  Battlecruiser  
  175  19:01  Refinery  
  175  19:03  Refinery  
  175  19:10  Battlecruiser  
  156  19:48  Marine x3  
  156  19:49  Thor x3  
  156  19:50  Thor  
  164  20:01  Marine x2  
  164  20:02  Siege Tank  
  164  20:06  Marine  
  170  20:32  Siege Tank  
  173  20:37  Thor x2  
  173  20:38  Siege Tank x2  
  173  20:40  Factory Tech Lab  
  191  20:44  Missile Turret  
  191  20:46  Missile Turret  
  188  21:54  Siege Tank  
  188  21:55  Siege Tank  
  184  22:18  Thor x2  
  196  22:51  Unknown  
Tags
 
Add a new tag
Caveats
  • Supply blocks, unpowered buildings, or Contaminate may cause inaccurate times.
  • Supply counts are checked every 10 seconds.